 Dungeon Crawl Stone Soup version 0.31-a0-986-g5e6e4ef867 (webtiles) character file.

Game seed: 17867210890740089252

85260 Forgeling the Brawler (level 15, -1/149 HPs)
             Began as a Troll Shapeshifter on Nov 13, 2023.
             Was a High Priest of Nemelex Xobeh.
             Slain by a two-headed ogre
             ... wielding a +0 giant club
              (35 damage)
             ... on level 14 of the Dungeon.
             The game lasted 00:55:42 (21666 turns).

Forgeling the Brawler (Troll Shapeshifter)         Turns: 21666, Time: 00:55:43

Health: -1/149     AC:  5    Str: 30    XL:     15   Next: 37%
Magic:  23/23      EV: 10    Int:  6    God:    Nemelex Xobeh [*****.]
Gold:   1866       SH:  0    Dex: 17    Spells: 14/14 levels left

rFire   . .          .
                       - Unarmed
rCold   + . .        (shield currently unavailable)
rNeg    . . .        X - +0 robe {rC+}
rPois   +            (helmet restricted)
rElec   .            x - +2 cloak {Will+}
rCorr   .            (gloves unavailable)
SInv    .            (boots unavailable)
Will    ++...        o - amulet of faith
Stlth   ++           k - ring of poison resistance
HPRegen 1.24/turn    z - +6 ring of dexterity
MPRegen 0.18/turn

%: faith
@: blade hands, studying Polearms
A: large, unfitting armour, (claws 3), regeneration 1, shaggy fur 1, tough skin
1
a: Begin Untransformation, Renounce Religion, Draw Escape, Draw Destruction,
Draw Summoning, Draw Stack, Triple Draw, Deal Four, Stack Five


You were on level 14 of the Dungeon.
You worshipped Nemelex Xobeh.
Nemelex Xobeh was extremely pleased with you.
You had blades for hands.
You visited 3 branches of the dungeon, and saw 21 of its levels.
You also visited: Ice Cave.

You collected 1866 gold pieces.

Inventory:

Missiles
 t - 21 poisoned darts
 u - 3 throwing nets
 w - 11 javelins (quivered)
 D - a curare-tipped dart
 R - 16 large rocks
Armour
 a - a +0 tower shield of cold resistance
 x - a +2 cloak of willpower (worn)
 X - a +0 robe of cold resistance (worn)
Jewellery
 k - a ring of poison resistance (left blade hand)
 o - an amulet of faith (around neck)
 z - a +6 ring of dexterity (right blade hand)
 V - a ring of protection from cold
Talismans
 c - a serpent talisman
 S - a blade talisman (active)
Wands
 d - a wand of digging (3)
 e - a wand of paralysis (22)
 h - a wand of quicksilver (9)
 i - a wand of iceblast (4)
 j - a wand of polymorph (10)
 q - a wand of flame (52)
 y - a wand of mindburst (9)
Scrolls
 b - 3 scrolls of amnesia {unknown}
 f - 2 scrolls of silence {unknown}
 g - a scroll of brand weapon {unknown}
 l - 7 scrolls of enchant weapon {unknown}
 p - 4 scrolls of revelation {unknown}
 r - a scroll of butterflies {unknown}
 s - 2 scrolls of vulnerability {unknown}
 v - 6 scrolls of blinking {unknown}
 E - a scroll of enchant armour {unknown}
 F - 8 scrolls of fog
 H - 2 scrolls of torment {unknown}
 I - 4 scrolls of poison {unknown}
 Y - 6 scrolls of teleportation {@r3}
Potions
 A - 5 potions of attraction
 B - 3 potions of brilliance
 C - 2 potions of resistance {unknown}
 G - 6 potions of ambrosia
 J - 11 potions of curing {@q1}
 K - 5 potions of haste {unknown}
 L - 7 potions of heal wounds {unknown}
 M - 2 potions of might
 N - a potion of cancellation {unknown}
 O - 2 potions of enlightenment {unknown}
 P - a potion of invisibility {unknown}
 T - a potion of berserk rage
 U - 3 potions of mutation
 W - 2 potions of lignification


   Skills:
 - Level 10.0 Fighting
 - Level 6.0 Throwing
 - Level 1.5 Dodging
 + Level 17.4 Unarmed Combat
 - Level 13.0 Invocations
 - Level 2.0 Evocations
 - Level 10.0 Shapeshifting


You had 14 spell levels left.
You didn't know any spells.
Your spell library contained the following spells:

 Spells                   Type           Power      Damage    Failure   Level
 Apportation              Tloc           0%         N/A       45%         1
 Foxfire                  Conj/Fire      0%         2x1d4     45%         1
 Magic Dart               Conj           0%         1d3       45%         1
 Necrotise                Necr           0%         1d4       45%         1
 Summon Small Mammal      Summ           0%         N/A       45%         1
 Cigotuvi's Dreadful Rot  Necr/Pois/Air  0%         N/A       58%         2
 Ensorcelled Hibernation  Hex/Ice        0%         N/A       58%         2
 Passwall                 Tmut/Erth      0%         N/A       58%         2
 Searing Ray              Conj           0%         2d4       58%         2
 Static Discharge         Conj/Air       0%         3-3/arc   58%         2
 Frozen Ramparts          Ice            0%         1d1       83%         3
 Hailstorm                Conj/Ice       0%         3d3       83%         3
 Ignite Poison            Fire/Tmut/Pois 0%         N/A       83%         3
 Inner Flame              Hex/Fire       0%         N/A       83%         3
 Stone Arrow              Conj/Erth      0%         3d7       83%         3
 Swiftness                Air            0%         N/A       83%         3
 Tukima's Dance           Hex            0%         N/A       83%         3
 Volatile Blastmotes      Fire/Tloc      0%         2d10      83%         3
 Airstrike                Air            0%         2d(0-16)  99%         4
 Animate Armour           Summ/Erth      0%         N/A       99%         4
 Brom's Barrelling Bould  Conj/Erth      0%         2d3       99%         4
 Dispel Undead            Necr           0%         3d6       99%         4
 Fulminant Prism          Conj/Hex       0%         3d5       99%         4
 Passage of Golubria      Tloc           0%         N/A       99%         4
 Petrify                  Tmut/Erth      0%         N/A       99%         4
 Summon Ice Beast         Ice/Summ       0%         N/A       99%         4
 Summon Lightning Spire   Summ/Air       0%         N/A       99%         4
 Vhi's Electric Charge    Tloc/Air       0%         N/A       99%         4
 Alistair's Intoxication  Tmut/Pois      0%         N/A       100%        5
 Arcjolt                  Conj/Air       0%         1d10      100%        5
 Fireball                 Conj/Fire      0%         3d3       100%        5
 Freezing Cloud           Conj/Ice/Air   0%         6-21      100%        5
 Iskenderun's Battlesphe  Conj           0%         2d6       100%        5
 Metabolic Englaciation   Hex/Ice        0%         N/A       100%        5
 Summon Mana Viper        Hex/Summ       0%         N/A       100%        5
 Yara's Violent Unravell  Hex/Tmut       0%         3d3       100%        5
 Conjure Ball Lightning   Conj/Air       0%         3x3d6     100%        6
 Death Channel            Necr           0%         N/A       100%        6
 Plasma Beam              Fire/Air       0%         2x1d10    100%        6
 Simulacrum               Ice/Necr       0%         N/A       100%        6
 Starburst                Conj/Fire      0%         6d3       100%        6
 Enfeeble                 Hex            0%         N/A       100%        7
 Monstrous Menagerie      Summ           0%         N/A       100%        7
 Orb of Destruction       Conj           0%         9d5       100%        7
 Lehudib's Crystal Spear  Conj/Erth      0%         10d2      100%        8
 Maxwell's Capacitive Co  Air            0%         ∞         100%        8


Dungeon Overview and Level Annotations

Branches:
Dungeon (15/15)            Temple (1/1) D:4            Lair (5/5) D:10
 Shoals (0/4) Lair:3        Snake (0/4) Lair:2        Slime (0/5) Lair:5
    Orc (0/2) D:9          Vaults (0/5) D:13          IceCv (visited)
 Depths: D:15

Altars:
Ashenzari
Cheibriados
Dithmenos
Elyvilon
Fedhas
Gozag
Hepliaklqana
Kikubaaqudgha
Makhleb
Nemelex Xobeh
Okawaru
Qazlal
Ru
Sif Muna
Trog
Uskayaw
Vehumet
Wu Jian
Xom
Yredelemnul
Zin
The Shining One

Shops:
D:7 :(:   D:9 :*   D:13 :

Annotations:
D:8 3 runed translucent doors


Innate Abilities, Weirdness & Mutations

You have blades for hands.
You are incapable of wielding weapons or throwing items.
You are too large for most types of armour.
((You have claws for hands.))
Your natural rate of healing is unusually fast.
You are covered in fur. (AC +1)
You have tough skin. (AC +1)


Message History

There is a stone staircase leading down, spattered with blood here.
You start resting.
HP restored.
You climb downwards.
The two-headed ogre hits you with a +0 giant club!
The two-headed ogre hits you with a +0 giant spiked club!!
There is a stone staircase leading up, spattered with blood here.
The two-headed ogre hits you with a +0 giant spiked club!
You climb upwards.
There is a stone staircase leading down, spattered with blood here.
You slice the ogre mage!!
The ogre mage is heavily wounded.
The ogre mage gestures at you while chanting.
The bolt of magma hits you!!
You barely miss the ogre mage.
The ogre mage is heavily wounded.
The two-headed ogre hits you with a +0 giant club!
The ogre mage hits you with a +0 whip!
You barely miss the ogre mage. You slash the ogre mage!
The ogre mage is severely wounded.
You hit the ogre mage but do no damage.
The ogre mage is severely wounded.
The ogre mage hits you with a +0 whip!
* * * LOW HITPOINT WARNING * * *
You hit the ogre mage.
The ogre mage is almost dead.
You hit the ogre mage but do no damage. Your slash misses the ogre mage.
The ogre mage is almost dead.
The two-headed ogre hits you with a +0 giant club!!
* * * LOW HITPOINT WARNING * * *
The two-headed ogre hits you with a +0 giant spiked club!
* * * LOW HITPOINT WARNING * * *
You hit the ogre mage. You slash the ogre mage.
You kill the ogre mage!
You slice the two-headed ogre!!
You slash the two-headed ogre, but do no damage.
The two-headed ogre is moderately wounded.
The two-headed ogre hits you with a +0 giant club!!
You die...
Your body glows with a rainbow of weird colours and disappears.

#...†....# ##..........######...
#.#.†...#####..#.#.##### #...
#.#........###...#....#######...
#...............................
##.........#####.###.............
...........# ###.###.............
##.........###.........#..####...
##.##..........#####.#.#...###...
................@)...........#...
##.####)........O)...#..###).#...
.#....#)..#########.............#
.......[..# ###....##....##
..........# ##.........##
..........# ##......†.....
..........# ####..#.....##._.
..........# ##.....####..##...
.##......## ##.......###.####.#


You could see a two-headed ogre.

Vanquished Creatures
  Kirke (D:12)
  A reaper (IceCv)
  A hydra (Lair:2)
  A rakshasa (D:12)
  4 vault guards (D:13)
  3 two-headed ogres
  3 boulder beetles
  An ogre mage (D:14)
  3 catoblepae
  An anaconda (Lair:4)
  A satyr (Lair:4)
  4 centaur warriors
  3 death yaks (Lair:5)
  2 tengu warriors (D:14)
  2 lindwurms (Lair:5)
  Pikel (D:8)
  A deep elf pyromancer (D:12)
  5 ugly things
  3 cyclopes
  An oklob plant (Lair:4)
  8 manticores
  21 elephants
  8 black mambas
  An eye of devastation (Lair:3)
  3 gargoyles
  A torpor snail (Lair:5)
  2 ice statues (IceCv)
  2 rime drakes
  15 cane toads
  2 kobold demonologists
  5 komodo dragons
  An unseen horror (D:11)
  2 tengu conjurers (D:14)
  8 ice devils
  A freezing wraith (IceCv)
  7 polar bears (Lair:5)
  A meliai (shapeshifter) (D:14)
  3 trolls
  A wind drake (Lair:3)
  A hornet (shapeshifter) (D:13)
  A queen bee (D:10)
  4 blink frogs (Lair:5)
  2 hornets
  2 dream sheep (Lair:5)
  A slime creature (D:12)
  A vampire (D:13)
  7 wraiths
  2 fire elementals (D:12)
  2 steam dragons
  3 wyverns
  57 yaks
  4 basilisks
  2 redbacks (D:14)
  10 vampire mosquitoes
  4 death yak simulacra (IceCv)
  Edmund (D:4)
  Menkaure (D:5)
  6 wargs (Lair:5)
  An acid dragon (D:12)
  3 nagas (Lair:2)
  A hydra simulacrum (IceCv)
  19 hell hounds
  Duvessa (D:4)
  23 water moccasins
  A swamp drake (Lair:4)
  3 orc warriors
  A sky beast (shapeshifter) (D:13)
  10 black bears
  An ogre (D:15)
  A sky beast (D:6)
  14 centaurs
  2 lemures (D:8)
  28 wolves
  A phantom (D:6)
  2 kobold brigands
  19 bullfrogs
  3 scorpions
  3 gnoll sergeants
  A cane toad simulacrum (IceCv)
  5 wights (D:8)
  Dowan (D:4)
  14 killer bees (D:10)
  An elephant simulacrum (IceCv)
  4 howler monkeys
  An electric eel (D:8)
  2 jellies
  A gnoll bouda (D:7)
  7 orc priests
  3 sleepcaps
  2 iguanas
  5 orc wizards
  9 hell rats
  A troll simulacrum (IceCv)
  A wolf simulacrum (IceCv)
  A spriggan simulacrum (IceCv)
  A mummy (D:3)
  19 gnolls
  7 adders
  A naga simulacrum (IceCv)
  6 white imps
  4 ufetubi (IceCv)
  A worm (D:5)
  A dart slug (D:1)
  39 orcs
  5 ball pythons
  10 bats
  11 endoplasms
  A giant cockroach (D:2)
  11 hobgoblins
  4 jackals (D:1)
  3 quokkas
  7 frilled lizards
  8 goblins
  17 kobolds
  6 rats
603 creatures vanquished.

Vanquished Creatures (collateral kills)
  Jorgrun (D:13)
  A dire elephant (Lair:5)
  A hydra (D:14)
  An ugly thing (D:13)
  A black mamba (Lair:5)
  A cane toad (Lair:5)
  2 unseen horrors
  A rime drake (Lair:5)
  A troll (D:10)
  2 polar bears (Lair:5)
  A vampire (D:10)
  A redback (D:14)
  2 hell hounds (D:12)
  4 black bears
  A tengu (Lair:5)
  An iguana (Lair:5)
22 creatures vanquished.

Grand Total: 625 creatures vanquished

Notes
Turn   | Place    | Note
-------+----------+-------------------------------------------
     0 | D:1      | Forgeling the Troll Shapeshifter began the quest for the
                  | Orb.
     0 | D:1      | Reached XP level 1. HP: 18/18 MP: 0/0
    94 | D:1      | Reached XP level 2. HP: 26/26 MP: 1/1
   286 | D:1      | Reached skill level 4 in Unarmed Combat
   385 | D:1      | Reached XP level 3. HP: 32/32 MP: 2/2
   626 | D:2      | Found a sacrificial altar of Ru.
  1111 | D:2      | Reached XP level 4. HP: 40/40 MP: 3/3
  1158 | D:2      | Reached skill level 5 in Unarmed Combat
  1803 | D:3      | Found a snail-covered altar of Cheibriados.
  1839 | D:3      | Found a basalt altar of Yredelemnul.
  2194 | D:4      | Found a staircase to the Ecumenical Temple.
  2203 | Temple   | Entered the Ecumenical Temple
  2218 | Temple   | Became a worshipper of Nemelex Xobeh the Trickster
  2360 | D:4      | Reached XP level 5. HP: 34/46 MP: 4/4
  2377 | D:4      | Reached skill level 6 in Unarmed Combat
  2416 | D:4      | Noticed Duvessa
  2499 | D:5      | Entered Level 5 of the Dungeon
  2770 | D:5      | Reached XP level 6. HP: 44/54 MP: 5/5
  2818 | D:5      | Noticed Menkaure
  2882 | D:4      | Noticed Edmund
  2914 | D:4      | Reached skill level 7 in Unarmed Combat
  2915 | D:4      | Reached * piety under Nemelex Xobeh
  2947 | D:4      | Reached skill level 1 in Fighting
  3004 | D:4      | Noticed an orc warrior
  3068 | D:4      | Killed Edmund
  3098 | D:4      | Noticed Dowan
  3108 | D:5      | Killed Menkaure
  3109 | D:5      | Reached XP level 7. HP: 47/66 MP: 6/6
  3136 | D:5      | Identified the +3 rapier "Conservator" {heavy, +Blink rPois
                  | rCorr Str-5}
  3183 | D:5      | Received a gift from Nemelex Xobeh
  3426 | D:5      | Found a stormy altar of Qazlal.
  3541 | D:5      | Found a hazy altar of Hepliaklqana.
  3541 | D:5      | Found an opulent altar of Gozag.
  3797 | D:6      | Noticed a wraith
  3818 | D:6      | Reached skill level 8 in Unarmed Combat
  3823 | D:5      | Killed a wraith
  3824 | D:5      | Reached skill level 1 in Invocations
  3913 | D:6      | Reached ** piety under Nemelex Xobeh
  3924 | D:6      | Reached XP level 8. HP: 48/75 MP: 8/8
  4741 | D:7      | Found Wolyth's Book Shop.
  4916 | D:7      | Reached *** piety under Nemelex Xobeh
  5121 | D:7      | Found Ruzirghe's Antique Weapon Boutique.
  5255 | D:7      | Found Zaest's Book Shoppe.
  5279 | D:7      | Received a gift from Nemelex Xobeh
  5349 | D:8      | Found a runed translucent gate.
  5349 | D:8      | Found a runed translucent gate.
  5349 | D:8      | Found a runed translucent gate.
  5354 | D:8      | Noticed a brown ugly thing
  5355 | D:8      | Noticed a brown ugly thing
  5355 | D:8      | Noticed a purple ugly thing
  5356 | D:8      | Noticed a glowing orange brain
  5357 | D:8      | Noticed a cyan ugly thing
  5425 | D:8      | Reached skill level 5 in Invocations
  5432 | D:8      | Reached skill level 9 in Unarmed Combat
  5552 | D:8      | Noticed Maurice
  5586 | D:8      | Maurice stole 2 throwing nets
  5590 | D:8      | Something stole a beast talisman
  5592 | D:8      | Something stole 284 gold
  5600 | D:8      | Something stole 10 gold
  5608 | D:8      | Noticed Maurice
  5610 | D:8      | Killed Maurice the centaur
  5611 | D:8      | Reached XP level 9. HP: 20/84 MP: 12/12
  5738 | D:8      | Noticed Pikel
  5763 | D:8      | Killed Pikel
  5800 | D:8      | Reached **** piety under Nemelex Xobeh
  5905 | D:8      | Received a gift from Nemelex Xobeh
  5958 | D:8      | Reached skill level 10 in Unarmed Combat
  6377 | D:9      | Identified the "Ecacveesch"
  6377 | D:9      | Identified the of Henaloj
  6377 | D:9      | Identified the of Hoilaol
  6422 | D:9      | Received a gift from Nemelex Xobeh
  6430 | D:9      | Found Sifer's Gadget Gallery.
  6457 | D:9      | Reached skill level 11 in Unarmed Combat
  6581 | D:9      | Found Aqygiteb's Self-Published Books.
  6663 | D:9      | Found a staircase to the Orcish Mines.
  6797 | D:9      | Found a sacrificial altar of Ru.
  6800 | D:9      | Found a blossoming altar of Fedhas.
  6861 | D:9      | Found a shimmering blue altar of Sif Muna.
  6928 | D:9      | Received a gift from Nemelex Xobeh
  7053 | D:4      | Killed Dowan
  7054 | D:4      | Killed Duvessa
  7055 | D:4      | Reached XP level 10. HP: 92/92 MP: 13/13
  7377 | D:4      | Found a glowing golden altar of the Shining One.
  7474 | D:10     | Entered Level 10 of the Dungeon
  7474 | D:10     | Noticed a two-headed ogre
  7478 | D:10     | Identified the +1 trident "Dofoeji" {spect, +Blink rF+
                  | rC+++ Str-5}
  7482 | D:10     | Killed a two-headed ogre
  7483 | D:10     | Reached skill level 12 in Unarmed Combat
  7483 | D:10     | Reached skill level 1 in Evocations
  7628 | D:10     | Reached skill level 13 in Unarmed Combat
  7792 | D:10     | Reached XP level 11. HP: 97/101 MP: 16/16
  7800 | D:10     | Found a bloodstained altar of Trog.
  7821 | D:10     | Reached skill level 5 in Fighting
  7972 | D:10     | Received a gift from Nemelex Xobeh
  8172 | D:10     | Found a staircase to the Lair.
  8440 | D:10     | Found an ornate altar of the Wu Jian Council.
  8548 | D:11     | Reached skill level 14 in Unarmed Combat
  8666 | D:11     | Received a gift from Nemelex Xobeh
  8851 | D:11     | Noticed a boulder beetle
  8868 | D:11     | Killed a boulder beetle
  8869 | D:11     | Reached skill level 1 in Throwing
  9241 | D:11     | Noticed a white ugly thing
  9245 | D:11     | Killed a white ugly thing
  9349 | D:11     | Received a gift from Nemelex Xobeh
  9614 | Lair:1   | Entered Level 1 of the Lair of Beasts
  9680 | Lair:1   | Reached ***** piety under Nemelex Xobeh
  9988 | Lair:1   | Received a gift from Nemelex Xobeh
 10084 | Lair:1   | Received a gift from Nemelex Xobeh
 10414 | Lair:1   | Reached XP level 12. HP: 118/118 MP: 18/18
 10508 | Lair:1   | Reached skill level 10 in Invocations
 10782 | Lair:2   | Noticed a seven-headed hydra
 10787 | Lair:2   | Killed an eight-headed hydra
 10792 | Lair:2   | Reached skill level 5 in Shapeshifting
 11290 | Lair:2   | Received a gift from Nemelex Xobeh
 11475 | Lair:2   | Found a staircase to the Snake Pit.
 11695 | Lair:2   | Received a gift from Nemelex Xobeh
 12166 | Lair:3   | Noticed Fannar
 12167 | Lair:3   | Fannar changed into Fannar the eye of devastation
 12167 | Lair:3   | Noticed Fannar
 12181 | Lair:3   | Killed Fannar the eye of devastation
 12367 | Lair:3   | Found a staircase to the Shoals.
 12477 | Lair:3   | Reached XP level 13. HP: 93/127 MP: 19/19
 12545 | Lair:3   | Reached skill level 5 in Throwing
 12699 | Lair:3   | Received a gift from Nemelex Xobeh
 13301 | Lair:4   | Received a gift from Nemelex Xobeh
 13450 | Lair:4   | a seven-headed hydra changed into a bunyip
 13450 | Lair:4   | Noticed a bunyip
 13452 | Lair:4   | a bunyip changed into a cyclops
 13670 | Lair:4   | Reached skill level 15 in Unarmed Combat
 13859 | Lair:4   | Received a gift from Nemelex Xobeh
 14335 | Lair:5   | Identified the of Riad
 14335 | Lair:5   | Entered Level 5 of the Lair of Beasts
 14429 | Lair:5   | Received a gift from Nemelex Xobeh
 14847 | Lair:5   | Identified the +6 falchion "Bisics" {heavy, *Corrode rN+
                  | Stlth+}
 15160 | Lair:4   | Reached skill level 16 in Unarmed Combat
 15260 | Lair:5   | Reached skill level 10 in Fighting
 15279 | Lair:5   | Found a staircase to the Slime Pits.
 15732 | Lair:5   | Reached XP level 14. HP: 143/143 MP: 20/20
 16431 | Lair:5   | Received a gift from Nemelex Xobeh
 16678 | Lair:5   | a seven-headed hydra changed into a storm dragon
 16678 | Lair:5   | Noticed a storm dragon
 16681 | Lair:5   | a storm dragon changed into a torpor snail
 16769 | Lair:5   | Identified the +2 quarterstaff "Xaupniu" {elec, Fly Int+3
                  | Stlth+}
 17447 | D:12     | Noticed Azrael
 17458 | D:12     | Azrael changed into Azrael the rakshasa
 17458 | D:12     | Noticed Azrael
 17704 | D:13     | Identified the +1 cloak "Borotae" {Will- Dex+4}
 17771 | D:13     | Noticed Jorgrun
 17784 | D:13     | Killed Jorgrun
 17816 | D:13     | Found a frozen archway.
 17840 | IceCv    | Entered an ice cave
 18324 | IceCv    | Noticed a reaper
 18352 | IceCv    | Killed a reaper
 18766 | D:13     | Received a gift from Nemelex Xobeh
 19147 | D:13     | Found a gate to the Vaults.
 19308 | D:12     | Killed Azrael the rakshasa
 19869 | D:12     | Noticed Kirke
 19888 | D:12     | Killed Kirke
 20052 | D:13     | Reached skill level 10 in Shapeshifting
 20066 | D:13     | Reached XP level 15. HP: 61/149 MP: 23/23
 20156 | D:13     | Found Rymoec's Tremendous Tomes.
 20659 | D:14     | Found a bloodstained altar of Trog.
 20845 | D:14     | Received a gift from Nemelex Xobeh
 20958 | D:14     | Reached skill level 17 in Unarmed Combat
 20966 | D:14     | HP: 7/149 [poisoned by a redback]
 20971 | D:14     | HP: 5/149 [poisoned by a redback]
 21443 | D:14     | Received a gift from Nemelex Xobeh
 21573 | D:15     | Entered Level 15 of the Dungeon
 21666 | D:14     | Slain by a two-headed ogre

Illustrated notes

Levels and vault maps discovered:
D:1:      tarquinn_simple_flora_water_a, layout_loops_cross,
          chequers_serial_rivers_micro_e, minivault_25
D:2:      layout_basic, basic_altar
D:3:      layout_loops_corners, slow_altar_1, amcnicky_altar_gilded
D:4:      layout_cave_pools, nicolae_overflow_hidden_temple,
          minmay_temple_entry_waves, uniq_edmund, uniq_duvessa
D:5:      layout_basic, mainiacjoe_overflow_six_doors_small,
          gammafunk_temple_overflow_pools, uniq_menkaure
D:6:      layout_loops_ring, dk_noncrumbling_2
D:7:      layout_gridville, serial_shops, shop, nicolae_square_shop,
          nicolae_shop_just_a_little_nook
D:8:      layout_basic, ploomutoo_gammafunk_ghost_potion_laboratory,
          kennysheep_cross_bottleneck, serial_bayou_pond_d, uniq_pikel,
          uniq_maurice
D:9:      layout_rooms, nicolae_overflow_squiral,
          nicolae_sif_muna_little_library, david_orc_2, nicolae_custom_books,
          nicolae_shop_gadgets
D:10:     layout_rooms, mainiacjoe_overflow_alcove_2, kennysheep_mini_moat,
          grunt_lair_entry_orc_guard_hut, special_room [special_room_bee]
D:11:     layout_stronghold, minmay_gold_behind_fungi
D:12:     minmay_polygon_palace, layout_basic, uniq_azrael, uniq_kirke
D:13:     layout_cave_pools, lightli_vaults_fourway_checkpoint,
          portal_ice_cave_demonic_guard, nicolae_shop_i_like_big_books,
          uniq_jorgrun
D:14:     layout_rooms, trog_three_pillars_becter,
          nicolae_twisty_statue_hallways
D:15:     grunt_enter_depths_giant_problem, layout_stronghold,
          nicolae_vehumet_radiance, serial_shops, shop, ebering_ghost_xom,
          nicolae_shop_i_like_small_books_too
Temple:   jpeg_temple_clearing
Lair:1:   layout_cave_pods
Lair:2:   layout_loops_ring, guppyfry_snake_entry_island, grunt_megastairs_1,
          serial_bayou_shore_b, lemuel_fruit_tree
Lair:3:   layout_loops_ring, minmay_shoals_entry_beasts,
          chequers_serial_rivers_large_a, st_stairs_10, hibernation_bobbens,
          uniq_fannar
Lair:4:   beast_lair_carwin_large_4, layout_regular_city
Lair:5:   hangedman_lair_caniforms_friends, layout_regular_city,
          hangedman_lair_in_review, slime_entry_1

Skill      XL: |  1  2  3  4  5  6  7  8  9 10 11 12 13 14 15 |
---------------+----------------------------------------------+-----
Unarmed Combat | 4 5 6 7 8 9 11 13 14 16 17 | 17.4
Fighting       | 2 3 4 7 10 | 10.0
Invocations    | 2 6 8 9 10 13 | 13.0
Evocations     | 2 |  2.0
Throwing       | 3 4 6 |  6.0
Shapeshifting  | 7 10 | 10.0
Dodging        | |  1.5

Action                     |  1- 3 |  4- 6 |  7- 9 | 10-12 | 13-15 || total
---------------------------+-------+-------+-------+-------+-------++-------
  Melee: Unarmed           |    85 |   135 |   251 |   477 |  1027 ||  1975
         Punch             |     1 |     4 |     8 |    32 |    18 ||    63
  Throw: Javelin           |       |     3 |       |     9 |       ||    12
         Dart              |       |       |       |     9 |       ||     9
 Invoke: Draw Destruction  |       |       |     6 |     8 |    17 ||    31
         Draw Summoning    |       |       |       |     2 |    11 ||    13
         Deal Four         |       |       |       |     3 |     4 ||     7
         Draw Stack        |       |       |       |     1 |     1 ||     2
         Stack Five        |       |       |       |     1 |       ||     1
         Draw Escape       |       |       |       |     1 |       ||     1
  Evoke: Wand              |       |       |       |     2 |     5 ||     7
    Use: Scroll            |       |     2 |       |     6 |     4 ||    12
         Potion            |       |     1 |       |       |       ||     1
   Stab: Sleeping          |     1 |       |     1 |       |       ||     2
         Distracted        |       |       |       |       |     1 ||     1
 Armour: Animal skin       |    57 |    91 |   162 |   453 |   579 ||  1342
         Skin              |       |     4 |       |       |       ||     4
         Robe              |       |       |       |       |   323 ||   323
  Dodge: Dodged            |    28 |    47 |    73 |   185 |   467 ||   800
   Form: Beast             |     1 |       |       |       |       ||     1
                           |       |       |     1 |       |       ||     1
         Flux              |       |       |       |     1 |       ||     1
         Blade             |       |       |       |       |     1 ||     1

Table legend: (Time is in decaauts)
 A = Elapsed time spent in this place.
 B = Non-inter-level travel time spent in this place.
 C = Inter-level travel time spent in this place.
 D = Time resting spent in this place.
 E = Time spent auto-exploring this place.
 F = Levels seen in this place.
 G = Mean time per level.
                   A        B        C        D        E       F      G
               +--------+--------+--------+--------+--------+-----+--------+
         Total |  21207 |  19856 |   1351 |    765 |  14240 |  22 |  964.0 |
       Dungeon |  13414 |  12516 |    898 |    617 |   8921 |  15 |  894.3 |
        Temple |     30 |      1 |     29 |      0 |      0 |   1 |   30.0 |
          Lair |   7158 |   6735 |    423 |     64 |   5133 |   5 | 1431.6 |
      Ice Cave |    603 |    603 |      0 |     83 |    186 |   1 |  603.0 |
               +--------+--------+--------+--------+--------+-----+--------+

Top non-repeatable levels by time:
  Lair:5: 2352 daAuts
    D:12: 1422 daAuts
    D:13: 1299 daAuts
  Lair:3: 1270 daAuts
    D:11: 1216 daAuts
  Lair:1: 1212 daAuts
  Lair:2: 1190 daAuts
  Lair:4: 1132 daAuts
     D:5: 1094 daAuts
     D:8: 1079 daAuts
     D:3: 1041 daAuts
    D:14: 1035 daAuts
    D:10: 894 daAuts
     D:7: 847 daAuts
     D:6: 805 daAuts
